AoeStats
← El Travieso Scott

African Clearing

506048125Analyzed
4v4 RM · 21d ago on Sep 12, 2026· 84m 55s· 8 players
Game mode
Random Map
Map size
Large (8 player)
Population
200
Speed
Normal
Resources
Standard
Victory
Conquest
Starting age
Dark Age
Ending age
Imperial Age
RankedLock teamsTeams togetherTeam positionsShared explorationLock speedFull tech treeHidden civsTurbo modeCheats
Victory
Defeat
1065
+12
🇷🇺 Vietnamese · Russia
1020
+14
🇨🇳 Persians · China
1000
+45
🇹🇼 Mongols · Taiwan
923
+33
🇦🇷 Romans · Argentina
1079
-18
🇲🇽 Khmer · Mexico
976
-15
🇵🇪 Franks · Peru
935
-13
🇦🇷 Vietnamese · Argentina
927
-13
Chococookies
11:44 Feudal Age
15:18 Horse Collar
21:42 Wheelbarrow
31:16 Castle Age
32:38 Hand Cart
35:57 Light Cavalry
43:54 Parthian Tactics
44:43 Kamandaran
alterg27
11:59 Feudal Age
12:47 Feudal Age
21:32 Castle Age
21:27 Loom
22:24 Wheelbarrow
21:58 Double-Bit Axe
23:51 Loom
29:26 Bloodlines
29:08 Fletching
29:42 Scale Barding Armor
31:32 Ballistics
31:10 Bodkin Arrow
31:28 Town Watch
36:56 Gold Mining
37:55 Thumb Ring
39:10 Husbandry
42:32 Stone Mining
43:46 Pikeman
44:29 Squires
44:35 Padded Archer Armor
47:07 Imperial Age
44:53 Hand Cart
44:44 Scale Mail Armor
45:05 Chain Barding Armor
44:59 Forging
44:33 Treadmill Crane
48:27 Heavy Cavalry Archer
53:22 Chemistry
57:41 Bow Saw
56:57 Elite Skirmisher
58:07 Elite Skirmisher
72:40 Paper Money
73:28 Imperial Skirmisher
74:27 Light Cavalry
80:54 Arson
arezzo
7:48 Loom
16:18 Feudal Age
18:24 Double-Bit Axe
24:19 Castle Age
22:24 Horse Collar
25:11 Husbandry
30:24 Ballistics
29:58 Fletching
31:53 Thumb Ring
33:49 Bodkin Arrow
36:36 Wheelbarrow
43:07 Imperial Age
40:57 Gold Mining
41:10 Heavy Plow
41:23 Bow Saw
42:42 Hand Cart
43:14 Town Watch
46:32 Gold Shaft Mining
46:33 Conscription
47:13 Bloodlines
47:36 Bracer
47:55 Stone Mining
47:59 Elite Mangudai
49:59 Chemistry
49:27 Padded Archer Armor
50:28 Leather Archer Armor
52:13 Drill
52:21 Capped Ram
54:24 Town Patrol
53:52 Siege Ram
58:41 Onager
60:45 Siege Onager
64:44 Siege Engineers
66:03 Stone Shaft Mining
66:43 Caravan
🌙Dr.π🌟☾⋆。 𖦹
4:50 Loom
16:18 Feudal Age
20:21 Castle Age
19:37 Fletching
32:48 Wheelbarrow
33:53 Hand Cart
34:32 Horse Collar
36:52 Double-Bit Axe
37:04 Town Watch
39:25 Bow Saw
39:16 Heavy Plow
40:05 Gold Mining
40:09 Stone Mining
42:43 Gold Shaft Mining
42:45 Stone Shaft Mining
45:07 Bodkin Arrow
45:13 Padded Archer Armor
47:47 Imperial Age
46:09 Bloodlines
45:59 Husbandry
45:21 Light Cavalry
46:08 Thumb Ring
48:26 Leather Archer Armor
49:10 Conscription
49:05 Bracer
48:32 Elite Mangudai
49:51 Parthian Tactics
49:48 Ballistics
49:50 Scale Barding Armor
51:03 Chemistry
50:26 Masonry
50:13 Murder Holes
53:20 Forging
54:25 Siege Engineers
54:43 Chain Barding Armor
56:27 Iron Casting
55:13 Hussar
59:04 Blast Furnace
62:08 Drill
62:24 Hoardings
61:52 Scale Mail Armor
70:12 Capped Ram
74:12 Siege Ram
Moonblossom
8:59 Loom
17:10 Feudal Age
21:51 Castle Age
20:12 Double-Bit Axe
20:09 Horse Collar
21:12 Stone Mining
25:12 Padded Archer Armor
25:00 Town Watch
25:38 Bow Saw
27:27 Wheelbarrow
31:08 Pikeman
36:04 Heavy Plow
37:38 Gold Mining
39:05 Hand Cart
43:40 Imperial Age
42:10 Ballistics
43:00 Gold Shaft Mining
42:43 Scale Barding Armor
42:41 Scale Mail Armor
42:51 Forging
43:59 Chain Barding Armor
45:00 Crop Rotation
44:55 Conscription
45:25 Elite Ballista Elephant
45:43 Halberdier
48:24 Chemistry
48:26 Plate Barding Armor
48:10 Chain Mail Armor
48:31 Iron Casting
49:48 Double Crossbow
53:40 Blast Furnace
52:50 Siege Engineers
54:54 Fortified Wall
65:08 Leather Archer Armor
San
14:40 Feudal Age
12:58 Loom
14:44 Feudal Age
15:19 Man-at-Arms
18:53 Scale Mail Armor
21:16 Forging
29:07 Castle Age
27:29 Double-Bit Axe
30:32 Squires
31:58 Long Swordsman
33:24 Wheelbarrow
34:01 Bow Saw
33:37 Horse Collar
34:16 Gold Mining
34:45 Chain Mail Armor
38:05 Hand Cart
40:36 Imperial Age
39:00 Iron Casting
40:48 Gold Shaft Mining
40:37 Legionary
42:30 Blast Furnace
42:00 Town Watch
45:46 Comitatenses
45:48 Conscription
49:51 Elite Centurion
51:21 Scale Barding Armor
52:23 Chain Barding Armor
53:56 Plate Barding Armor
55:21 Stone Mining
55:47 Husbandry
55:58 Bloodlines
61:05 Town Patrol
78:53 Guilds
El Travieso Scott
8:22 Loom
16:28 Feudal Age
19:13 Loom
26:11 Castle Age
24:46 Double-Bit Axe
28:16 Bow Saw
28:21 Forging
28:11 Scale Mail Armor
29:55 Wheelbarrow
32:42 Imperial Age
32:58 Wheelbarrow
33:01 Iron Casting
32:42 Chain Mail Armor
32:25 Gold Mining
32:26 Stone Mining
33:45 Gold Shaft Mining
33:24 Pikeman
34:06 Husbandry
35:54 Hand Cart
35:38 Cavalier
37:32 Squires
37:17 Arson
40:10 Town Watch
41:18 Scale Barding Armor
42:13 Blast Furnace
42:24 Paladin
44:52 Chemistry
47:06 Heavy Scorpion
47:55 Capped Ram
48:59 Halberdier
49:24 Gambesons
54:49 Chain Barding Armor
54:45 Chain Mail Armor
56:50 Siege Engineers
69:43 Conscription
70:13 Plate Barding Armor
70:09 Plate Mail Armor
70:26 Fletching
77:27 Elite Skirmisher
78:06 Bodkin Arrow
78:12 Padded Archer Armor
79:24 Imperial Skirmisher
80:23 Leather Archer Armor
b3rm3
6:52 Loom
19:10 Feudal Age
19:16 Man-at-Arms
19:43 Arson
22:14 Double-Bit Axe
27:24 Castle Age
26:24 Forging
38:19 Fletching
38:57 Padded Archer Armor
40:06 Squires
40:52 Long Swordsman
43:35 Bow Saw
46:47 Bodkin Arrow
47:08 Leather Archer Armor
47:04 Thumb Ring
63:09 Imperial Age
60:31 Elite Skirmisher
63:12 Iron Casting
62:38 Scale Mail Armor
62:40 Horse Collar
66:06 Pikeman
Connection lost

Rejoining the realm…

Still unreachable

The connection could not be restored.

Session expired

The server has moved on; the page needs a fresh start.